 Dungeon Crawl Stone Soup version 0.32-a0-171-g4625e66871 (webtiles) character file.

Game seed: 8007497902274179156

264 MacCMillion the Magician (level 6, 0/40 HPs)
             Began as a Djinni Alchemist on Feb 12, 2024.
             Shot with a sling bullet by a goblin (1 damage)
             ... on level 4 of the Dungeon.
             The game lasted 00:06:49 (2911 turns).

MacCMillion the Magician (Djinni Alchemist)         Turns: 2911, Time: 00:06:50

Health: 0/40       AC:  2    Str:  7    XL:     6   Next: 43%
Gold:   123        EV: 12    Int: 18    God:
                   SH:  0    Dex: 14

rFire   + + .        e - +0 dagger (speed)
rCold   x . .        (no shield)
rNeg    . . .        a - +0 robe
rPois   ∞            (no helmet)
rElec   .            (no cloak)
rCorr   .            (no gloves)
SInv    .            (boots unavailable)
Will    .....        (no amulet)
Stlth   ++           (no ring)
HPRegen 0.26/turn    (no ring)
MPRegen 0.00/turn

%: infuse magic (-1 HP)
@: flying
A: sickness immunity, fire resistance 2, cold vulnerability 1, float, innate
caster, HP casting, extra vitality 1
a: no special abilities


You were on level 4 of the Dungeon.
You visited 1 branch of the dungeon, and saw 4 of its levels.

You collected 123 gold pieces.

Inventory:

Hand Weapons
 c - a +0 dagger
 e - a +0 dagger of speed (weapon)
Armour
 a - a +0 robe (worn)
Scrolls
 b - 3 scrolls of teleportation
 d - a scroll of enchant weapon {unknown}
 j - 2 scrolls of identify {unknown}
 l - a scroll of blinking {unknown}
Potions
 f - 2 potions of lignification {unknown}
 g - a potion of attraction {unknown}
 h - 2 potions of curing {unknown}
 i - a potion of haste {unknown}
 k - a potion of mutation {unknown}
 m - a potion of heal wounds {unknown}
 n - a potion of berserk rage {unknown}


   Skills:
 - Level 2.1 Dodging
 - Level 1.5 Stealth
 + Level 5.6 Spellcasting
 + Level 5.6 Conjurations
 + Level 5.6 Hexes
 + Level 5.6 Summonings
 + Level 5.6 Necromancy
 + Level 5.6 Translocations
 + Level 5.6 Fire Magic
 + Level 5.6 Ice Magic
 + Level 5.6 Air Magic
 + Level 5.6 Earth Magic
 + Level 5.6 Alchemy


You knew the following spells:

 Your Spells              Type           Power      Damage    Failure   Level
a - Sting                 Conj/Alch      100%       1d9       1%          1
b - Mercury Vapours       Alch/Air       50%        N/A       1%          2
c - Mephitic Cloud        Conj/Alch/Air  25%        N/A       3%          3
d - Olgreb's Toxic Radia  Alch           25%        N/A       12%         4
e - Sticky Flame          Fire/Alch      25%        2d6       12%         4
f - Sandblast             Erth           50%        2d12      1%          1
g - Static Discharge      Conj/Air       50%        3-6/arc   1%          2
Your spell library was empty.

Dungeon Overview and Level Annotations

Branches:
Dungeon (4/15)
 Temple: D:4-7

Altars:
Okawaru
Xom


Innate Abilities, Weirdness & Mutations

You are immune to sickness and miasma.
You are immune to poison.
Your flesh is very heat resistant. (rF++)
You are vulnerable to cold. (rC-)
You float through the air rather than walking.
You learn spells naturally, not from books.
Your magical power is your life essence.
You have superior vitality. (+4 MHP)


Message History

You hear the slow rusting of a drain very nearby.
You see here a +0 mace.
An endoplasm comes into view.
A giant cockroach comes into view.
There is a stone staircase leading down here.
You see here a +0 mace.
Casting: Sting (safe; 1% risk of failure)
Confirm with . or Enter, or press ? or * to list all spells.
Aiming: Mephitic Cloud (dangerous; 3% risk of failure)
Press: ? - help, Shift-Dir - straight line, f - orc wizard
Aim: an orc wizard, wielding a +3 dagger and wearing a +0 robe (heavily wounded, confused, chance to affect: 86%)
The ball explodes into a vile cloud!
The stinking cloud engulfs the orc wizard.
The orc wizard is heavily wounded.
* * * LOW HITPOINT WARNING * * *
The orc wizard is engulfed in noxious fumes.
The orc wizard appears confused.
The orc wizard is engulfed in noxious fumes.
The orc wizard is engulfed in noxious fumes.
The orc wizard appears confused.
The orc wizard is engulfed in noxious fumes.
The orc wizard appears confused.
The orc wizard hits you with a +3 dagger.
* * * LOW HITPOINT WARNING * * *
You hit the orc wizard but do no damage.
The orc wizard is heavily wounded.
You barely miss the orc wizard.
The orc wizard is heavily wounded.
The orc wizard howls, "My nostrils!"
The orc wizard hits you with a +3 dagger.
* * * LOW HITPOINT WARNING * * *
You hit the orc wizard but do no damage.
The orc wizard is heavily wounded.
A phantom and a goblin come into view.
The goblin shouts!
The orc wizard barely misses you.
The goblin unwields a +0 dagger.
The goblin wields a +0 sling.
The goblin shoots a sling bullet.
The sling bullet hits you.
* * * LOW HITPOINT WARNING * * *
The goblin shoots a sling bullet.
The sling bullet hits you.
You die...

### #.. .. #.## . .#
#.. .. .# #.# #.# .#
##.## ...# #####.@$#
######B####).....#.#
J...>...)g..oW...# #
#####.#####.##.###
#)#####.###...#
#.......# ####
######### ##


You could see a phantom, an orc wizard (confused) and a goblin.

Vanquished Creatures
  A howler monkey (D:4)
  A bombardier beetle (D:3)
  An orc priest (D:4)
  Terence (D:2)
  3 adders
  2 adder zombies (D:2)
  4 dart slugs
  2 ribbon worms (D:2)
  6 orcs
  2 bat skeletons (D:2)
  11 endoplasms
  4 giant cockroaches
  4 hobgoblins
  4 jackals
  3 quokkas (D:1)
  5 ball pythons
  2 ball python skeletons (D:2)
  3 ball python zombies (D:2)
  4 bats
  4 frilled lizards
  2 giant cockroach zombies (D:2)
  5 goblins
  5 kobolds
  4 rats
83 creatures vanquished.

Notes
Turn   | Place    | Note
-------+----------+-------------------------------------------
     0 | D:1      | MacCMillion the Djinni Alchemist began the quest for the
                  | Orb.
     0 | D:1      | MacCMillion set off with the following spells memorised:
                  | Sting, Mercury Vapours, Mephitic Cloud, Olgreb's Toxic
                  | Radiance, Sticky Flame.
     0 | D:1      | Reached XP level 1. HP: 15/15 MP: 0/0
   255 | D:1      | Reached XP level 2. HP: 16/21 MP: 0/0
   670 | D:1      | Reached XP level 3. HP: 24/25 MP: 0/0
   670 | D:1      | Learned a level 1 spell: Sandblast
   871 | D:2      | Noticed Terence
  1000 | D:2      | Reached XP level 4. HP: 28/31 MP: 0/0
  1851 | D:2      | Killed Terence
  1852 | D:2      | Reached XP level 5. HP: 25/35 MP: 0/0
  1852 | D:2      | Learned a level 2 spell: Static Discharge
  2205 | D:3      | Reached skill level 5 in Spellcasting
  2205 | D:3      | Reached skill level 5 in Conjurations
  2205 | D:3      | Reached skill level 5 in Hexes
  2205 | D:3      | Reached skill level 5 in Summonings
  2205 | D:3      | Reached skill level 5 in Necromancy
  2205 | D:3      | Reached skill level 5 in Translocations
  2205 | D:3      | Reached skill level 5 in Fire Magic
  2205 | D:3      | Reached skill level 5 in Ice Magic
  2205 | D:3      | Reached skill level 5 in Air Magic
  2205 | D:3      | Reached skill level 5 in Earth Magic
  2205 | D:3      | Reached skill level 5 in Alchemy
  2312 | D:3      | Found a shimmering altar of Xom.
  2321 | D:3      | Found an iron altar of Okawaru.
  2792 | D:4      | Reached XP level 6. HP: 34/40 MP: 0/0
  2901 | D:4      | HP: 2/40 [orc wizard/+3 dagger (3)]
  2909 | D:4      | HP: 1/40 [goblin/sling bullet (2)]
  2911 | D:4      | Shot with a sling bullet by a goblin

Illustrated notes

Levels and vault maps discovered:
D:1:      dpeg_arrival_rhombi, layout_rooms
D:2:      layout_basic, serial_undead, serial_undead_a, serial_undead_b,
          serial_undead_a, serial_undead_a, serial_undead_c, serial_undead_d,
          moated_statue, minivault_25, uniq_terence
D:3:      layout_loops_ring, grunt_temple_overflow_diamond
D:4:      layout_loops_ring, marbit_many_paths, lemuel_coloured_pillars_altar,
          portal_sewer_entry_b, grunt_ministairs_1, minmay_vboxes

Skill      XL: |  1  2  3  4  5 |
---------------+----------------+-----
Spellcasting   | 4 5 |  5.6
Conjurations   | 4 5 |  5.6
Hexes          | 4 5 |  5.6
Summonings     | 4 5 |  5.6
Necromancy     | 4 5 |  5.6
Translocations | 4 5 |  5.6
Fire Magic     | 4 5 |  5.6
Ice Magic      | 4 5 |  5.6
Air Magic      | 4 5 |  5.6
Earth Magic    | 4 5 |  5.6
Alchemy        | 4 5 |  5.6
Dodging        | |  2.1
Stealth        | |  1.5

Action                     |  1- 3 |  4- 6 || total
---------------------------+-------+-------++-------
  Melee: Dagger            |     1 |    18 ||    19
   Cast: Sting             |    50 |    95 ||   145
         Sandblast         |    10 |     8 ||    18
         Mephitic Cloud    |       |     5 ||     5
    Use: Scroll            |       |     1 ||     1
   Stab: Sleeping          |     1 |       ||     1
 Armour: Robe              |     9 |    19 ||    28
  Dodge: Dodged            |    14 |    13 ||    27

Table legend: (Time is in decaauts)
 A = Elapsed time spent in this place.
 B = Non-inter-level travel time spent in this place.
 C = Inter-level travel time spent in this place.
 D = Time resting spent in this place.
 E = Time spent auto-exploring this place.
 F = Levels seen in this place.
 G = Mean time per level.
                   A        B        C        D        E       F      G
               +--------+--------+--------+--------+--------+-----+--------+
         Total |   2912 |   2802 |    110 |    514 |   1679 |   4 |  728.0 |
       Dungeon |   2912 |   2802 |    110 |    514 |   1679 |   4 |  728.0 |
               +--------+--------+--------+--------+--------+-----+--------+

Top non-repeatable levels by time:
     D:2: 1081 daAuts
     D:1: 1009 daAuts
     D:3: 697 daAuts
     D:4: 123 daAuts
